 Dungeon Crawl Stone Soup version 0.29-a0-551-gffc1d7fb78 (webtiles) character file.

Game seed: 4156219228199533011

16 shadowstone the Covered (level 2, -2/19 HPs)
             Began as a Gargoyle Fighter on June 6, 2022.
             Slain by a goblin
             ... wielding a +0 club
             ... led by Robin
              (4 damage)
             ... on level 2 of the Dungeon.
             The game lasted 00:01:55 (524 turns).

shadowstone the Covered (Gargoyle Fighter)           Turns: 524, Time: 00:01:56

Health: -2/19      AC: 10    Str: 19    XL:     2   Next: 58%
Magic:  2/2        EV:  9    Int:  8    God:
Gold:   14         SH:  4    Dex:  9    Spells: 1/1 levels left

rFire   . . .      SeeInvis +   a - +0 trident
rCold   . . .      Faith    .   c - +0 buckler
rNeg    + . .      Spirit   .   b - +0 scale mail
rPois   ∞          Reflect  .   (no helmet)
rElec   +          Harm     .   (no cloak)
rCorr   .          Rampage  .   f - +0 pair of gloves
Will    .....                   (no boots)
Stlth   ..........              (no amulet)
HPRegen 0.06/turn               g - ring of see invisible
MPRegen 0.08/turn               (no ring)

@: mighty
A: sickness immunity, AC +2, negative energy resistance 1, electricity
resistance, torment resistance 1, petrification resistance
a: no special abilities


You were on level 2 of the Dungeon.
You visited 1 branch of the dungeon, and saw 2 of its levels.

You collected 14 gold pieces.

Inventory:

Hand Weapons
 a - a +0 trident (weapon)
Armour
 b - a +0 scale mail (worn)
 c - a +0 buckler (worn)
 f - a +0 pair of gloves (worn)
Jewellery
 g - a ring of see invisible (left hand)


   Skills:
 + Level 3.4 Fighting
 + Level 2.1 Polearms
 + Level 3.5 Armour
 + Level 3.5 Shields


You had one spell level left.
You didn't know any spells.
Your spell library contained the following spells:

 Spells                   Type           Power      Damage    Failure   Level
 Summon Ice Beast         Ice/Summ       0%         N/A       100%        4
 Summon Mana Viper        Hex/Summ       0%         N/A       100%        5
 Monstrous Menagerie      Summ           0%         N/A       100%        7


Dungeon Overview and Level Annotations

Branches:
Dungeon (2/15)

Altars:

Annotations:
D:2 Robin


Innate Abilities, Weirdness & Mutations

You are immune to sickness and miasma.
Your stone body is resilient. (AC +2)
You are immune to poison.
You resist negative energy. (rN+)
You are resistant to electric shocks. (rElec)
You are resistant to unholy torment.
You are immune to petrification.


Message History

The bat hits you but does no damage.
You closely miss the goblin. The bat completely misses you.
The bat closely misses you. The bat hits you but does no damage.
You block the goblin's attack.
You hit the goblin.
You kill the goblin!
You block the bat's attack. The bat barely misses you.
You miss the bat. The bat hits you but does no damage.
The goblin hits you with a +0 club.
* * * LOW HITPOINT WARNING * * *
A goblin comes into view. It is wielding a +0 dagger.
The bat hits you but does no damage.
You closely miss the goblin.
The goblin no longer looks unusually strong.
The hobgoblin no longer looks unusually strong.
You block the bat's attack. The goblin completely misses you.
A goblin comes into view. It is wielding a +0 dagger. x2
Robin roars a battlecry!
The goblins go into a battle-frenzy!
The goblin closely misses you. The goblin hits you but does no damage.
You block the goblin's attack.
The goblin shouts!
Unknown command.
It was a potion of curing.
You feel better.
The goblin no longer looks unusually strong. x2
You block the goblin's attack. The goblin hits you with a +0 club.
You block the goblin's attack.
You feel very mighty all of a sudden.
The goblin no longer looks unusually strong. x3
The goblin barely misses you. You block the goblin's attack.
The goblin closely misses you.
You puncture the goblin!
You kill the goblin!
You block the goblin's attack. The hobgoblin barely misses you.
The goblin hits you with a +0 club.
* * * LOW HITPOINT WARNING * * *
You puncture the goblin!
You kill the goblin!
Robin throws the goblin at you! The goblin hits you with a +0 club.
You die...

.....!#.#.#
#......#.#.# #.....
#.......<#.# ##.....
##......#.#.#
#.....#
...........###......
#......>...........
#.bg.......?.......
#gg...............#
##@gggg†....g......
###g..†...........
#....$..........
##..†..#+####...
##...##.#.#.#.#..
... ....+..........#
... #...##.......#.#
... ...............#
... ....#....>..#.#


You could see Robin, a hobgoblin (strong), 6 goblins and a bat.

Vanquished Creatures
  2 ball pythons (D:2)
  A bat (D:1)
  2 endoplasms (D:2)
  3 goblins (D:2)
  A hobgoblin (D:2)
  2 kobolds (D:1)
  2 frilled lizards (D:1)
  3 rats (D:2)
16 creatures vanquished.

Notes
Turn   | Place    | Note
-------+----------+-------------------------------------------
     0 | D:1      | shadowstone the Gargoyle Fighter began the quest for the
                  | Orb.
     0 | D:1      | Reached XP level 1. HP: 14/14 MP: 1/1
   429 | D:2      | Reached XP level 2. HP: 19/19 MP: 2/2
   502 | D:2      | Noticed Robin
   524 | D:2      | Slain by a goblin

Illustrated notes

Levels and vault maps discovered:
D:1:      wander_arrival_chamber, layout_loops_corners,
          shapermc_ecumenical_altar_venn
D:2:      layout_basic, basic_altar, st_stairs_4, uniq_robin

Skill      XL: |  1 |
---------------+----+-----
Polearms       | 2 |  2.1
Fighting       | |  3.4
Armour         | |  3.5
Shields        | |  3.5

Action                   || total
-------------------------++-------
Melee: Trident           ||    54
  Use: Potion            ||     2
Armor: Scale mail        ||    46
Dodge: Dodged            ||    52
Block: Buckler           ||    26

Table legend: (Time is in decaauts)
 A = Elapsed time spent in this place.
 B = Non-inter-level travel time spent in this place.
 C = Inter-level travel time spent in this place.
 D = Time resting spent in this place.
 E = Time spent auto-exploring this place.
 F = Levels seen in this place.
 G = Mean time per level.
                   A        B        C        D        E       F      G
               +--------+--------+--------+--------+--------+-----+--------+
         Total |    535 |    535 |      0 |    208 |      0 |   2 |  267.5 |
       Dungeon |    535 |    535 |      0 |    208 |      0 |   2 |  267.5 |
               +--------+--------+--------+--------+--------+-----+--------+

Top non-repeatable levels by time:
     D:1: 423 daAuts
     D:2: 112 daAuts
